 Dungeon Crawl Stone Soup version 0.30-a0-802-gb92711bcdf (webtiles) character file.

Game seed: 7287012008026685443

198 Dittersdorf the Trooper (level 5, -1/34 HPs)
             Began as a Gargoyle Fighter on Feb 24, 2023.
             Killed by divine providence
             ... invoked by an orc priest
              (13 damage)
             ... on level 3 of the Dungeon.
             The game lasted 00:02:58 (2488 turns).

Dittersdorf the Trooper (Gargoyle Fighter)          Turns: 2488, Time: 00:02:58

Health: -1/34      AC: 14    Str: 27    XL:     5   Next: 77%
Magic:  5/5        EV:  8    Int:  9    God:
Gold:   128        SH:  4    Dex:  9    Spells: 4/4 levels left

rFire   . . .      SeeInvis .    a - +0 flail
rCold   . . .      Faith    .    c - +0 buckler
rNeg    + . .      Spirit   .    h - +0 chain mail
rPois   ∞          Reflect  .    i - +0 helmet
rElec   +          Harm     .    (no cloak)
rCorr   .          Rampage  .    (no gloves)
Will    .....                    (no boots) Stlth
                                 (no amulet)
HPRegen 0.25/turn                s - +6 ring of strength
MPRegen 0.09/turn                (no ring)

@: no status effects
A: sickness immunity, AC +4, negative energy resistance 1, electricity
resistance, torment resistance 1, petrification resistance
a: no special abilities


You were on level 3 of the Dungeon.
You visited 1 branch of the dungeon, and saw 3 of its levels.

You collected 128 gold pieces.

Inventory:

Hand Weapons
 a - a +0 flail (weapon)
Missiles
 u - 7 curare-tipped darts (quivered)
Armour
 c - a +0 buckler (worn)
 h - a +0 chain mail (worn)
 i - a +0 helmet (worn)
Jewellery
 s - a +6 ring of strength (left hand)
Wands
 p - a wand of paralysis (10)
Scrolls
 b - 9 scrolls of identify {unknown}
 e - a scroll of enchant weapon {unknown}
 f - a scroll of vulnerability {unknown}
 g - a scroll of blinking {unknown}
 l - a scroll of noise {unknown}
 m - a scroll of poison {unknown}
 r - a scroll of enchant armour {unknown}
Potions
 d - 2 potions of might
 j - a potion of resistance {unknown}
 k - a potion of curing {unknown}
 n - a potion of degeneration {unknown}
 o - a potion of heal wounds {unknown}
 q - 2 potions of attraction {unknown}


   Skills:
 + Level 4.4 Fighting
 + Level 3.3 Maces & Flails
 + Level 4.4 Armour
 + Level 4.4 Shields


You had 4 spell levels left.
You didn't know any spells.
Your spell library contained the following spells:

 Spells                   Type           Power      Damage    Failure   Level
 Tukima's Dance           Hex            0%         N/A       100%        3
 Passage of Golubria      Tloc           0%         N/A       100%        4
 Yara's Violent Unravell  Hex/Tmut       0%         3d3       100%        5


Dungeon Overview and Level Annotations

Branches:
Dungeon (3/15)

Altars:

Shops:
D:1 [


Innate Abilities, Weirdness & Mutations

You are immune to sickness and miasma.
Your stone body is resilient. (AC +4)
You are immune to poison.
You resist negative energy. (rN+)
You are resistant to electric shocks. (rElec)
You are resistant to unholy torment.
You are immune to petrification.


Message History

You have reached level 5!
b - 9 scrolls labelled OKOADGH UPNUNU (gained 1)
An orc priest comes into view. It is wielding a +0 mace.
The orc priest shouts!
You hear a shout!
The orc priest moves out of view.
An orc comes into view. It is wielding a +0 flail.
The orc shouts!
A scorpion comes into view.
An orc comes into view. It is wielding a +0 war axe.
The scorpion stings you but does no damage.
The orc priest hits you with a +0 mace. The scorpion attacks as you move away!
The scorpion barely misses you.
The orc priest looks satisfied for a moment.
The scorpion stings you but does no damage.
The scorpion attacks as you move away!
The scorpion stings you but does no damage.
You hit the scorpion but do no damage. The scorpion stings you. x2
You hit the scorpion.
The scorpion is moderately wounded.
The orc priest mumbles some strange prayers to Beogh against you.
Beogh smites you! The scorpion barely misses you.
You hit the scorpion.
The scorpion is moderately wounded.
The scorpion barely misses you. The scorpion stings you.
You sock the scorpion!
The scorpion is almost dead.
The scorpion stings you but does no damage. x2
You closely miss the scorpion.
The scorpion is almost dead.
The scorpion stings you but does no damage.
You closely miss the scorpion.
The scorpion is almost dead.
The scorpion stings you.
The scorpion stings you but does no damage.
You barely miss the scorpion.
The scorpion is almost dead.
The scorpion stings you.
The orc priest invokes the aid of Beogh against you.
Beogh smites you!
You die...

#.##.⌠.# #...#......# #......#
#.##...#######......# #......#
####'##...#..#....(....# #......#
......#......#.........###......#
#...).#.#....#..........##......#
......#.#....#######............#
......#......# #..............#
#.#.#)###...##########..........#
#.#...).........@soo.....(......#
#.#.#.###...########.............
#.#.#.# #...# #.#...........
#.#.#.###...##### #+###+####....
....#.##........# #....
###.#.##........### #....
................... #....
....#..##..........
.....#..#..........


You could see a scorpion, an orc priest and an orc.

Vanquished Creatures
  A black bear (D:3)
  Robin (D:1)
  An adder (D:3)
  A worm (D:3)
  A dart slug (D:2)
  9 orcs
  6 ball pythons
  4 bats
  3 endoplasms
  3 giant cockroaches (D:1)
  15 goblins
  8 hobgoblins
  5 kobolds
  2 quokkas
  3 frilled lizards
  A rat (D:1)
64 creatures vanquished.

Notes
Turn   | Place    | Note
-------+----------+-------------------------------------------
     0 | D:1      | Dittersdorf the Gargoyle Fighter began the quest for the
                  | Orb.
     0 | D:1      | Reached XP level 1. HP: 14/14 MP: 1/1
   176 | D:1      | Reached XP level 2. HP: 19/19 MP: 2/2
   847 | D:1      | Reached XP level 3. HP: 20/23 MP: 3/3
   867 | D:1      | Found Nizainli's Armour Shop.
   903 | D:2      | Found a faded altar of an unknown god.
   934 | D:2      | Noticed Robin
  1051 | D:1      | Killed Robin
  1162 | D:2      | Reached XP level 4. HP: 28/29 MP: 4/4
  2413 | D:3      | Noticed a black bear
  2421 | D:3      | Killed a black bear
  2422 | D:3      | Reached XP level 5. HP: 26/34 MP: 5/5
  2488 | D:3      | Killed from afar by an orc priest

Illustrated notes

Levels and vault maps discovered:
D:1:      lightli_arrival_statue_moat, layout_basic, serial_shops,
          nicolae_shop_crystal
D:2:      layout_basic, basic_ecumenical_altar, uniq_robin
D:3:      layout_basic, nicolae_elevator_lobby_asterisk

Skill      XL: |  1  2  3  4 |
---------------+-------------+-----
Armour         | 4 |  4.4
Shields        | 4 |  4.4
Fighting       | 4 |  4.4
Maces & Flails | 3 |  3.3

Action                     |  1- 3 |  4- 6 || total
---------------------------+-------+-------++-------
  Melee: Flail             |   143 |    84 ||   227
 Armour: Chain mail        |    96 |    50 ||   146
         Scale mail        |     3 |       ||     3
  Dodge: Dodged            |    58 |    34 ||    92
  Block: Buckler           |    33 |    22 ||    55

Table legend: (Time is in decaauts)
 A = Elapsed time spent in this place.
 B = Non-inter-level travel time spent in this place.
 C = Inter-level travel time spent in this place.
 D = Time resting spent in this place.
 E = Time spent auto-exploring this place.
 F = Levels seen in this place.
 G = Mean time per level.
                   A        B        C        D        E       F      G
               +--------+--------+--------+--------+--------+-----+--------+
         Total |   2563 |   2456 |    107 |    138 |   1745 |   3 |  854.3 |
       Dungeon |   2563 |   2456 |    107 |    138 |   1745 |   3 |  854.3 |
               +--------+--------+--------+--------+--------+-----+--------+

Top non-repeatable levels by time:
     D:1: 1088 daAuts
     D:2: 813 daAuts
     D:3: 661 daAuts
